 Dungeon Crawl Stone Soup version 0.19.1 (webtiles) character file.

15173 Mefis the Fighter (level 11, -26/104 HPs)
             Began as a Minotaur Berserker on Dec 10, 2016.
             Was a High Priest of Trog.
             Annihilated by an enormous slime creature (54 damage)
             ... on level 12 of the Dungeon.
             The game lasted 00:23:30 (12199 turns).

Mefis the Fighter (Minotaur Berserker)             Turns: 12199, Time: 00:23:31

Health: -26/104    AC: 14    Str: 25    XL:     11   Next: 98%
Magic:  14/14      EV: 15    Int:  4    God:    Trog [*****.]
Gold:   669        SH:  0    Dex: 10    Spells: 0 memorised, 10 levels left

rFire  . . .     SeeInvis .     Q - +4 great sword
rCold  . . .     Gourm    .     p - +0 ring mail
rNeg   . . .     Faith    .     (shield currently unavailable)
rPois  +         Spirit   .     (helmet restricted)
rElec  +         Reflect  .     (no cloak)
rCorr  .         Harm     .     O - +0 pair of gloves
MR     .....     NoTele   +     b - +0 pair of boots
Stlth  ..........               t - amulet of regeneration
                                F - ring of Otzatero {-Tele rElec rPois AC+4}
                                (no ring)

@: exhausted, slowed, very slow
A: retaliatory headbutt, horns 2
a: Berserk, Trog's Hand, Brothers in Arms, Burn Spellbooks, Renounce Religion


You were on level 12 of the Dungeon.
You worshipped Trog.
Trog was extremely pleased with you.
You were hungry.

You visited 1 branch of the dungeon, and saw 12 of its levels.

You collected 669 gold pieces.

Inventory:

Hand Weapons
 I - the +6 trident "Nanag" {pierce, Int+4}
   (You found it on level 7 of the Dungeon)

   It inflicts extra damage upon your enemies.
   It affects your intelligence (+4).
 K - a +0 great sword of slicing
 Q - a +4 great sword (weapon)
 T - a +2 long sword
 Y - a +0 shortbow
Missiles
 Z - 13 arrows
Armour
 b - a +0 pair of boots (worn)
 p - a +0 ring mail (worn)
 O - a +0 pair of gloves (worn)
 R - the +2 pair of gloves of the Princeling {Regen+ Str-5 Int+3 Dex+2}
   (You found it on level 8 of the Dungeon)

   It affects your strength (-5).
   It affects your intelligence (+3).
   It affects your dexterity (+2).
   It increases your rate of regeneration.
Jewellery
 f - an uncursed ring of fire
 t - an amulet of regeneration (around neck)
 D - an uncursed ring of ice
 F - the ring of Otzatero (right hand) {-Tele rElec rPois AC+4}
   (You found it on level 5 of the Dungeon)

   [ring of protection]

   It affects your AC (+4).
   It insulates you from electricity.
   It protects you from poison.
   It prevents most forms of teleportation.
 G - a +3 amulet of reflection
Wands
 a - a wand of disintegration (7/24)
 r - a wand of iceblast (8/15)
 s - a wand of flame (15/48)
 P - a wand of iceblast (2/15)
Scrolls
 e - 4 scrolls of enchant armour
 g - a scroll of enchant weapon
 h - a scroll of recharging {unknown}
 n - 6 scrolls of remove curse
 o - 4 scrolls of magic mapping
 q - a scroll of immolation {unknown}
 w - 3 scrolls of fear
 x - 6 scrolls of teleportation
 y - a scroll of fog {unknown}
 C - 2 scrolls of summoning {unknown}
 N - 3 scrolls of noise {unknown}
 V - a scroll of vulnerability {unknown}
Potions
 i - a potion of resistance {unknown}
 l - 3 potions of lignification {unknown}
 m - 3 potions of cancellation
 u - a potion of mutation {unknown}
 v - a potion of flight {unknown}
 z - 2 potions of haste {unknown}
 E - 5 potions of curing {unknown}
 H - 2 potions of might {unknown}
 L - 2 potions of agility {unknown}
 S - a potion of berserk rage {unknown}
 U - a potion of heal wounds {unknown}
 X - 2 potions of degeneration {unknown}
Books
 k - a book of Party Tricks

   Spells                             Type                      Level
   a - Summon Butterflies             Summoning                    1
   b - Apportation                    Translocation                1
   c - Lesser Beckoning               Translocation                3
   d - Tukima's Dance                 Hexes                        3
   e - Alistair's Intoxication        Transmutation/Poison         5
   f - Invisibility                   Hexes                        6
   Trog disapproves of the use of such an item.
 M - a book of Minor Magic

   Spells                             Type                      Level
   a - Magic Dart                     Conjuration                  1
   b - Blink                          Translocation                2
   c - Call Imp                       Summoning                    2
   d - Repel Missiles                 Charms/Air                   2
   e - Slow                           Hexes                        2
   f - Conjure Flame                  Conjuration/Fire             3
   g - Mephitic Cloud                 Conjuration/Poison/Air       3
   Trog disapproves of the use of such an item.
Miscellaneous
 W - a fan of gales
Comestibles
 c - 7 bread rations
 d - 6 meat rations
 j - 6 beef jerkies
 A - 4 chunks of flesh
 J - 3 slices of pizza


   Skills:
 + Level 11.7 Fighting
   Level 5.0(8.0) Short Blades
 + Level 10.4(11.0) Long Blades
 + Level 11.2 Armour
 + Level 10.2 Dodging
 + Level 5.5 Evocations


You had 10 spell levels left.
You didn't know any spells.

Dungeon Overview and Level Annotations

Branches:
Dungeon (12/15)            Temple (0/1) D:4            Lair (0/6) D:9
    Orc: D:9-12

Altars:
Cheibriados
Elyvilon
Fedhas
Ru
Sif Muna
Vehumet
Xom
Beogh


Innate Abilities, Weirdness & Mutations

You reflexively headbutt those who attack you in melee.
You have a pair of horns on your head.


Message History

You see here 10 gold pieces.
You barely miss the large slime creature.
The large slime creature is heavily wounded.
The large slime creature completely misses you.
Two slime creatures merge to form an enormous slime creature.
The enormous slime creature closely misses you.
You riposte.
You barely miss the enormous slime creature.
You headbutt the enormous slime creature.
The enormous slime creature is heavily wounded.
The enormous slime creature hits you!!!
Found 15 sling bullets.
The enormous slime creature hits you!
* * * LOW HITPOINT WARNING * * *
Okay, then.
Okay, then.
There is a stone staircase leading down here.
The enormous slime creature hits you!!!
Ouch! That really hurt!
You die...

# #.# #......#
# #.# #.....##
.# #.# #..#.##
... #...## ###.
### ##..# . ...
#..# ## ###.#
#.(# #
#..(..####..###
#.....#c.J@...#
.......C#####.#
#.....#.# #.#
#.... #.# #c#
#.## #c# #.# #
#.#####.#
#..$Cc..# #
#.####### # #.#


You could see an enormous slime creature, a hill giant and a centaur.

Vanquished Creatures
  Josephine (D:11)
  Urug (D:11)
  A tengu warrior (D:10)
  2 hill giants
  Pikel (D:5)
  An orc knight (D:9)
  An ugly thing (D:12)
  A manticore (D:11)
  The ghost of Mefis the Thaumaturge, a novice DEWz of Sif Muna (D:7)
  A centaur skeleton (D:12)
  A komodo dragon (D:12)
  A tengu conjurer (D:10)
  3 trolls
  Prince Ribbit (D:9)
  2 slime creatures (D:12)
  Grinder (D:5)
  A hippogriff (D:12)
  A shadow (D:12)
  Sigmund (D:3)
  A vampire (D:12)
  4 wraiths (D:11)
  A spriggan (D:7)
  3 yaks (D:9)
  3 hungry ghosts
  A mottled dragon (D:12)
  A water moccasin (D:11)
  A soldier ant (D:10)
  11 orc warriors
  3 ice beasts
  A sky beast (D:6)
  A phantom (D:11)
  2 slaves (D:5)
  4 ogres
  2 black bears (D:12)
  4 centaurs
  A crocodile (D:7)
  4 bullfrogs
  5 scorpions
  A water moccasin skeleton (D:12)
  6 killer bees (D:7)
  16 wights
  2 howler monkeys (D:11)
  7 crimson imps
  2 centaur zombies (D:9)
  3 jellies
  3 hounds
  8 orc priests
  Crazy Yiuf (D:3)
  Ijyb (D:3)
  Terence (D:3)
  7 iguanas
  10 orc wizards
  3 worker ants
  A hound zombie (D:7)
  A hound skeleton (D:5)
  6 gnolls
  16 adders
  4 shadow imps
  3 oozes
  A worm (D:5)
  An adder skeleton (D:6)
  6 dart slugs
  4 leopard geckos
  49 orcs
  2 ball pythons (D:3)
  7 giant cockroaches
  7 hobgoblins
  27 jackals
  2 quokkas
  6 bats
  5 frilled lizards
  6 goblins
  3 kobolds
  2 leopard gecko skeletons
  A quokka skeleton (D:7)
  4 rats
311 creatures vanquished.

Vanquished Creatures (others)
  A giant cockroach (D:5)
1 creature vanquished.

Grand Total: 312 creatures vanquished

Notes
Turn   | Place    | Note
-------+----------+-------------------------------------------
     0 | D:1      | Mefis the Minotaur Berserker began the quest for the Orb.
     0 | D:1      | Reached XP level 1. HP: 19/19 MP: 0/0
   234 | D:1      | Reached XP level 2. HP: 27/27 MP: 1/1
   743 | D:1      | Reached ** piety under Trog
   861 | D:1      | Reached XP level 3. HP: 33/33 MP: 2/2
  1452 | D:2      | Reached XP level 4. HP: 39/41 MP: 3/3
  2264 | D:3      | Noticed a hungry ghost
  2290 | D:3      | Killed a hungry ghost
  2290 | D:3      | Reached skill level 5 in Fighting
  2290 | D:3      | Reached XP level 5. HP: 30/48 MP: 4/4
  2318 | D:3      | Noticed Terence
  2324 | D:3      | Killed Terence
  2324 | D:3      | Reached skill level 5 in Short Blades
  2324 | D:3      | Reached XP level 6. HP: 56/56 MP: 5/5
  2434 | D:3      | Found a sacrificial altar of Ru.
  2499 | D:3      | Noticed Sigmund
  2511 | D:3      | Killed Sigmund
  2511 | D:3      | Reached skill level 1 in Long Blades
  2762 | D:3      | Noticed Ijyb
  2767 | D:3      | Reached *** piety under Trog
  2769 | D:3      | Killed Ijyb
  2769 | D:3      | Reached XP level 7. HP: 63/63 MP: 6/6
  3153 | D:3      | Found a runed door.
  3239 | D:3      | Noticed Crazy Yiuf
  3245 | D:3      | Killed Crazy Yiuf
  3573 | D:4      | Found a snail-covered altar of Cheibriados.
  3930 | D:4      | Found a staircase to the Ecumenical Temple.
  4223 | D:5      | Entered Level 5 of the Dungeon
  4268 | D:5      | Reached skill level 5 in Armour
  4677 | D:5      | Noticed Pikel
  4699 | D:5      | Killed Pikel
  4699 | D:5      | Reached skill level 5 in Dodging
  4699 | D:5      | Reached XP level 8. HP: 61/73 MP: 7/7
  4893 | D:5      | Got a twitching bone ring
  4908 | D:5      | Identified the ring of Otzatero {-Tele rElec rPois AC+4} (You found it on level 5 of the Dungeon)
  5127 | D:5      | Noticed Grinder
  5133 | D:5      | Killed Grinder
  5380 | D:6      | Reached skill level 5 in Long Blades
  6016 | D:6      | Reached XP level 9. HP: 81/81 MP: 8/8
  6316 | D:7      | Got a bone trident
  6317 | D:7      | Identified the +6 trident "Nanag" {pierce, Int+4} (You found it on level 7 of the Dungeon)
  6343 | D:7      | Noticed Mefis's ghost (novice DEWz)
  6350 | D:7      | Killed Mefis's ghost
  6350 | D:7      | Reached **** piety under Trog
  7721 | D:8      | Reached skill level 1 in Evocations
  7757 | D:8      | Got a pair of scorched gloves
  7768 | D:8      | Identified the +2 pair of gloves of the Princeling {Regen+ Str-5 Int+3 Dex+2} (You found it on level 8 of the Dungeon)
  8267 | D:8      | Reached XP level 10. HP: 77/91 MP: 10/10
  8289 | D:8      | Found a shimmering altar of Xom.
  8289 | D:8      | Found a deep blue altar of Sif Muna.
  8294 | D:8      | Found a faded altar of an unknown god.
  8296 | D:8      | Found a radiant altar of Vehumet.
  8297 | D:8      | Found a white marble altar of Elyvilon.
  8793 | D:9      | Noticed Prince Ribbit
  8801 | D:9      | Killed Prince Ribbit
  8823 | D:9      | Found a staircase to the Lair.
  9084 | D:9      | Reached ***** piety under Trog
  9185 | D:9      | Found a runed door.
  9482 | D:9      | Noticed an orc knight
  9483 | D:9      | Reached skill level 10 in Fighting
  9506 | D:9      | Killed an orc knight
  9856 | D:9      | Found a roughly hewn altar of Beogh.
  9903 | D:10     | Entered Level 10 of the Dungeon
  9915 | D:10     | Noticed a hill giant
  9924 | D:10     | Killed a hill giant
 10149 | D:10     | Noticed a tengu warrior
 10159 | D:10     | Killed a tengu warrior
 10738 | D:10     | Reached XP level 11. HP: 101/101 MP: 12/12
 10879 | D:10     | Found a blossoming altar of Fedhas.
 10975 | D:11     | Noticed a hill giant
 10984 | D:11     | Killed a hill giant
 10984 | D:11     | Reached skill level 10 in Armour
 11106 | D:11     | Noticed Urug
 11129 | D:11     | Killed Urug
 11235 | D:11     | Noticed Josephine
 11239 | D:11     | Killed Josephine
 11445 | D:11     | Reached skill level 5 in Evocations
 11499 | D:12     | Found a snail-covered altar of Cheibriados.
 11507 | D:12     | Reached skill level 10 in Long Blades
 11862 | D:12     | Reached skill level 10 in Dodging
 11871 | D:12     | Received a gift from Trog
 11893 | D:12     | Noticed a purple ugly thing
 11899 | D:12     | Killed a purple ugly thing
 12161 | D:12     | Noticed a hill giant
 12199 | D:12     | Annihilated by an enormous slime creature

Skill      XL: |  1  2  3  4  5  6  7  8  9 10 11 |
---------------+----------------------------------+-----
Fighting       | 4 5 6 7 8 9 10 11 | 11.7
Short Blades   | 4 5 |  5.0
Armour         | 3 4 5 7 8 9 11 | 11.2
Dodging        | 3 4 5 6 7 9 10 | 10.2
Long Blades    | 2 4 5 7 9 10 | 10.4
Evocations     | 1 3 5 |  5.5

Action                   |  1- 3 |  4- 6 |  7- 9 | 10-12 || total
-------------------------+-------+-------+-------+-------++-------
Melee: Short sword       |    51 |       |       |       ||    51
       Headbutt          |     7 |    11 |    55 |    78 ||   151
       Dagger            |    18 |    99 |   163 |       ||   280
       Great sword       |       |       |   116 |   271 ||   387
       Long sword        |       |       |     2 |    43 ||    45
Invok: Berserk           |       |     3 |     5 |     9 ||    17
       Trog's Hand       |       |       |       |     1 ||     1
       Brothers in Arms  |       |       |       |     1 ||     1
Evoke: Wand              |       |       |       |     4 ||     4
  Use: Scroll            |       |       |     7 |     4 ||    11
 Stab: Paralysed         |       |       |     1 |       ||     1
       Invisible         |       |       |     1 |       ||     1
  Eat: Chunk             |     1 |     7 |    12 |    20 ||    40
       Bread ration      |       |     1 |     1 |     1 ||     3
       Meat ration       |       |       |     1 |       ||     1
Armor: Animal skin       |    14 |     7 |       |       ||    21
       Ring mail         |       |    10 |    92 |   108 ||   210
Dodge: Dodged            |    56 |    50 |   163 |   265 ||   534
Block: Other             |       |       |    17 |    32 ||    49
       Reflection        |       |       |       |     1 ||     1
       Rpst.: Great sword |       |       |    28 |    60 ||    88
       Long sword        |       |       |       |     6 ||     6
